 Dungeon Crawl Stone Soup version 0.19.5 (webtiles) character file.

105 McKennaii the Skirmisher (level 4, -2/40 HPs)
             Began as a Demonspawn Abyssal Knight on Apr 25, 2017.
             Was a Believer of Lugonu.
             Slain by a gnoll
             ... wielding a +0 whip
              (7 damage)
             ... on level 2 of the Dungeon.
             The game lasted 00:03:43 (1386 turns).

McKennaii the Skirmisher (DsAK)                     Turns: 1386, Time: 00:03:43

Health: -2/40      AC:  3    Str: 12    XL:     4   Next: 53%
Magic:  5/5        EV: 12    Int: 14    God:    Lugonu [**....]
Gold:   97         SH:  0    Dex: 13    Spells: 0 memorised, 3 levels left

rFire  . . .     SeeInvis .     a - +1 falchion
rCold  . . .     Gourm    .     b - +0 leather armour
rNeg   . . .     Faith    .     (no shield)
rPois  .         Spirit   .     (no helmet)
rElec  .         Reflect  .     (no cloak)
rCorr  .         Harm     .     (no gloves)
MR     .....                    (no boots)
Stlth  ++........               (no amulet)
                                (no ring)
                                g - ring of stealth

@: no status effects
A: hooves 1, robust 1, rot immunity
a: Depart the Abyss, Bend Space, Renounce Religion


You were on level 2 of the Dungeon.
You worshipped Lugonu.
Lugonu was pleased with you.
You were full.

You visited 1 branch of the dungeon, and saw 2 of its levels.
You visited the Abyss 1 time.

You collected 97 gold pieces.

Inventory:

Hand Weapons
 a - a +1 falchion (weapon)
Armour
 b - a +0 leather armour (worn)
Jewellery
 g - a ring of stealth (left hand)
Scrolls
 d - a scroll of enchant armour {unknown}
 i - a scroll of identify {unknown}
Potions
 e - a potion of curing
 h - a potion of brilliance
Comestibles
 c - 2 bread rations
 f - a meat ration


   Skills:
 + Level 4.0 Fighting
 + Level 2.8 Long Blades
 + Level 1.9 Armour
 + Level 1.6 Dodging
 + Level 1.1 Stealth
 + Level 2.5 Invocations


You had 3 spell levels left.
You didn't know any spells.

Dungeon Overview and Level Annotations

Branches:
Dungeon (2/15)

Altars:
Dithmenos
Uskayaw


Innate Abilities, Weirdness & Mutations

You have large cloven feet.
You are immune to rotting.
You are robust. (+10% HP)


Message History

You are too injured to fight recklessly!
You barely miss the gnoll. You kick the gnoll, but do no damage.
The gnoll is moderately wounded.
The gnoll hits you with a whip.
* * * LOW HITPOINT WARNING * * *
You completely miss the gnoll. You kick the gnoll, but do no damage.
The gnoll is moderately wounded.
The gnoll hits you with a whip.
* * * LOW HITPOINT WARNING * * *
You hit the gnoll.
The gnoll is heavily wounded.
The gnoll hits you with a whip.
* * * LOW HITPOINT WARNING * * *
You barely miss the gnoll.
The gnoll is heavily wounded.
The gnoll hits you but does no damage.
You completely miss the gnoll.
The gnoll is heavily wounded.
The gnoll hits you with a whip!
You die...

#.# #......###.##.##..# #..###..
#.# #......# #.##.##..# #.......
##.# #......###.##.##..# #..####.
g..# ###.....##.##.##..# #.......
#### #...[.##..#.##..# ##.####.
#.###.###.#.##..####......
########.###.# #...##............
.........)<#.####......######.##.
########........@..##..# .##.
########........g..##..# .###
......##.........#.##..# ##.###
.................#.##... ....#.
.................#.##.### #....
.................#..#.# #..#.
..........########..#.# #..#.
..........# #..#.#######..#.
...)..##.#########..........#..#.


You could see a gnoll.

Vanquished Creatures
  3 gnolls (D:2)
  3 adders (D:2)
  An ooze (D:1)
  3 dart slugs (D:2)
  2 leopard geckos (D:2)
  A giant cockroach (D:2)
  3 goblins
  6 hobgoblins
  3 jackals (D:1)
  A kobold (D:1)
  A quokka (D:2)
  5 bats
  2 frilled lizards (D:1)
  3 rats
37 creatures vanquished.

Notes
Turn   | Place    | Note
-------+----------+-------------------------------------------
     0 | Abyss:1  | McKennaii the Demonspawn Abyssal Knight began the quest for the Orb.
     0 | Abyss:1  | Reached XP level 1. HP: 18/18 MP: 2/2
     0 | D:1      | Escaped the Abyss
     3 | D:1      | Noticed a centaur
     3 | D:1      | Noticed a troll
     5 | D:1      | Noticed an elf
     8 | D:1      | Noticed a tengu
     8 | D:1      | Noticed a felid
    10 | D:1      | Noticed a spriggan
    12 | D:1      | Noticed an ogre
    12 | D:1      | Noticed a naga
    14 | D:1      | Noticed a draconian
    14 | D:1      | Noticed a demonspawn
    16 | D:1      | Noticed a demigod
    16 | D:1      | Noticed a human
    18 | D:1      | Noticed a merfolk
    20 | D:1      | Noticed a formicid
    22 | D:1      | Noticed a vampire
    22 | D:1      | Noticed a ghoul
    24 | D:1      | Noticed a vine stalker
    24 | D:1      | Noticed a gargoyle
    26 | D:1      | Noticed a minotaur
    26 | D:1      | Noticed a halfling
    28 | D:1      | Noticed an octopode
    28 | D:1      | Noticed a dwarf
   176 | D:1      | Reached * piety under Lugonu
   179 | D:1      | Gained mutation: You are immune to rotting. [demonic ancestry]
   179 | D:1      | Reached XP level 2. HP: 23/24 MP: 3/3
   238 | D:1      | Gained mutation: You are robust. (+10% HP) [potion of beneficial mutation]
   454 | D:2      | Reached skill level 1 in Dodging
   486 | D:2      | Noticed a dagger
   487 | D:2      | Noticed a hand axe
   493 | D:2      | Reached XP level 3. HP: 31/33 MP: 4/4
   493 | D:2      | Found a shadowy altar of Dithmenos.
   494 | D:2      | Found a hide-covered altar of Uskayaw.
   595 | D:2      | Reached skill level 4 in Fighting
   958 | D:2      | Gained mutation: You have large cloven feet. [demonic ancestry]
   958 | D:2      | Reached XP level 4. HP: 30/40 MP: 5/5
  1050 | D:1      | Reached skill level 1 in Stealth
  1288 | D:2      | Reached ** piety under Lugonu
  1386 | D:2      | Slain by a gnoll

Skill      XL: |  1  2  3  4 |
---------------+-------------+-----
Dodging        | 1 |  1.6
Long Blades    | 2 |  2.8
Fighting       | 4 |  4.0
Stealth        | 1 |  1.1
Armour         | |  1.9
Invocations    | |  2.5

Action                   |  1- 3 |  4- 6 || total
-------------------------+-------+-------++-------
Melee: Falchion          |   104 |    50 ||   154
       Kick              |       |    12 ||    12
Invok: Depart the Abyss  |     1 |       ||     1
  Use: Potion            |     4 |       ||     4
 Stab: Sleeping          |     3 |       ||     3
  Eat: Meat ration       |       |     1 ||     1
       Beef jerky        |       |     1 ||     1
Armor: Leather armour    |    25 |     5 ||    30
Dodge: Dodged            |    78 |    32 ||   110
       Rpst.: Falchion   |    27 |     6 ||    33
